 Dungeon Crawl Stone Soup version 0.29-a0-356-g7bc237e783 (webtiles) character file.

Game seed: 4444341499338275052

36 spaghetti the Bolt Thrower (level 3, 0/32 HPs)
             Began as a Deep Dwarf Hunter on Apr 26, 2022.
             Was an Initiate of Ru.
             Slain by an iguana (5 damage)
             ... on level 4 of the Dungeon.
             The game lasted 00:01:48 (1617 turns).

spaghetti the Bolt Thrower (Deep Dwarf Hunter)      Turns: 1617, Time: 00:01:48

Health: 0/32       AC:  3    Str: 14    XL:     3   Next: 19%
Magic:  3/3        EV: 12    Int:  9    God:    Ru [......]
Gold:   73         SH:  0    Dex: 18    Spells: 2/2 levels left

rFire   . . .      SeeInvis .   a - +1 hand crossbow {crossbow}
rCold   . . .      Faith    .   (no shield)
rNeg    . . .      Spirit   .   b - +0 leather armour
rPois   .          Reflect  .   (no helmet)
rElec   .          Harm     .   (no cloak)
rCorr   .          Rampage  .   (no gloves)
Will    .....                   (no boots)
Stlth   ++........              (no amulet)
HPRegen 0.00/turn               (no ring)
MPRegen 0.08/turn               (no ring)

@: no status effects
A: damage resistance, heal wounds, sense surroundings 1, no regeneration
a: Heal Wounds, Renounce Religion


You were on level 4 of the Dungeon.
You worshipped Ru.
Ru was noncommittal.
You visited 1 branch of the dungeon, and saw 4 of its levels.

You collected 73 gold pieces.


Innate Abilities, Weirdness & Mutations

You are resistant to damage.
You can heal yourself by infusing magical energy.
You passively map a small area around you.
You do not regenerate.


   Skills:
 + Level 2.2 Fighting
 + Level 4.7 Crossbows
 + Level 2.7 Dodging
 + Level 2.2 Stealth


You had 2 spell levels left.
You didn't know any spells.
Your spell library was empty.

Inventory:

Hand Weapons
 a - a +1 hand crossbow (weapon) {crossbow}
Missiles
 e - 44 stones {throwing}
 f - 3 poisoned darts {throwing}
 h - 6 boomerangs {throwing}
Armour
 b - a +0 leather armour (worn)
Scrolls
 c - 2 scrolls of immolation {!r!r}
 g - 2 scrolls of identify {unknown}
 i - 2 scrolls of fear {unknown}
 j - a scroll of blinking {unknown}
 l - a scroll of amnesia {unknown}
 n - a scroll of brand weapon {unknown}
 o - a scroll of fog {unknown}
Potions
 d - a potion of lignification {unknown}
 k - a potion of might {unknown}
 m - a potion of haste {unknown}

Dungeon Overview and Level Annotations

Branches:
Dungeon (4/15)
 Temple: D:4-7

Altars:
Gozag
Ru

#. .# , .,
#.### *
######.#.#
* #....#
..#
#.##.###l#
#.#.....@#
#.#..##..#
#.#..#<..#
#.######.#
#. ,,..#
## ###


You could see an iguana.


Message History

e - 44 stones {throwing} (gained 17) Key pressed, stopping explore.
Found a stone staircase leading up.
l - a scroll labelled YNYEHO KENE Key pressed, stopping explore.
Found a stone staircase leading down.
There is a stone staircase leading down here.
m - a grey potion A goblin comes into view.
It is wielding a +0 dagger.
The goblin shouts!
A goblin is nearby!
Shoot: a) +1 hand crossbow {crossbow}
Press: ? - help, Q - select action, (/) - cycle Shift-Dir - straight line, f - goblin
Aim: a goblin, wielding a +0 dagger (60% to hit)
You shoot a bolt. The bolt barely misses the goblin.
Shoot: a) +1 hand crossbow {crossbow}
Press: ? - help, Q - select action, (/) - cycle Shift-Dir - straight line, f/p - goblin
Aim: a goblin, wielding a +0 dagger (60% to hit)
You shoot a bolt. The bolt hits the goblin.
You kill the goblin!
Things that are here:
a +0 dagger {short}; a goblin corpse A goblin comes into view.
It is wielding a +0 club.
A goblin is nearby!
A goblin is nearby!
Shoot: a) +1 hand crossbow {crossbow}
Press: ? - help, Q - select action, (/) - cycle Shift-Dir - straight line, f - goblin
Aim: a goblin, wielding a +0 club (wandering, hasn't noticed you, 60% to hit)
You shoot a bolt. The bolt closely misses the goblin.
The goblin shouts!
Shoot: a) +1 hand crossbow {crossbow}
Press: ? - help, Q - select action, (/) - cycle Shift-Dir - straight line, f/p - goblin
Aim: a goblin, wielding a +0 club (60% to hit)
You shoot a bolt. The bolt misses the goblin.
The goblin hits you but does no damage.
Shoot: a) +1 hand crossbow {crossbow}
Press: ? - help, Q - select action, (/) - cycle Shift-Dir - straight line, f/p - goblin
Aim: a goblin, wielding a +0 club (60% to hit)
You shoot a bolt. The bolt hits the goblin!
You kill the goblin!
You see here a +0 club {mace}.
You now have 73 gold pieces (gained 12).
Key pressed, stopping explore.
n - a scroll labelled ULOAKUS IDGH
Found a stone staircase leading down.
Found a stone staircase leading down.
o - a scroll labelled WITHRO VOIQ Key pressed, stopping explore.
Key pressed, stopping explore.
Done exploring.
Done exploring.
Done exploring.
(D) Dungeon
Where to? (Enter - D:3, ? - help)
There is a stone staircase leading down here.
You climb downwards.
There is a stone staircase leading up here.
Unknown command.
Unknown command.
An iguana comes into view.
An iguana is nearby!
An iguana is nearby!
An iguana is nearby!
Shoot: a) +1 hand crossbow {crossbow}
Press: ? - help, Q - select action, (/) - cycle Shift-Dir - straight line, f - iguana
Aim: an iguana (asleep, 98% to hit)
You shoot a bolt. The bolt hits the iguana.
The iguana hisses angrily.
Shoot: a) +1 hand crossbow {crossbow}
Press: ? - help, Q - select action, (/) - cycle Shift-Dir - straight line, f/p - iguana
Aim: an iguana (lightly wounded, 69% to hit)
You shoot a bolt. The bolt barely misses the iguana.
Shoot: a) +1 hand crossbow {crossbow}
Press: ? - help, Q - select action, (/) - cycle Shift-Dir - straight line, f/p - iguana
Aim: an iguana (lightly wounded, 69% to hit)
You shoot a bolt. The bolt hits the iguana.
Shoot: a) +1 hand crossbow {crossbow}
Press: ? - help, Q - select action, (/) - cycle Shift-Dir - straight line, f/p - iguana
Aim: an iguana (moderately wounded, 69% to hit)
You shoot a bolt. The bolt hits the iguana.
The iguana bites you.
Shoot: a) +1 hand crossbow {crossbow}
Press: ? - help, Q - select action, (/) - cycle Shift-Dir - straight line, f/p - iguana
Aim: an iguana (moderately wounded, 69% to hit)
You shoot a bolt. The bolt hits the iguana.
The iguana misses you.
Shoot: a) +1 hand crossbow {crossbow}
Press: ? - help, Q - select action, (/) - cycle Shift-Dir - straight line, f/p - iguana
Aim: an iguana (heavily wounded, 69% to hit)
You shoot a bolt. The bolt hits the iguana.
The iguana bites you!
* * * LOW HITPOINT WARNING * * *
😱 HP[-6]
You take 6 damage, and now have 5/32 hp.
Shoot: a) +1 hand crossbow {crossbow}
Press: ? - help, Q - select action, (/) - cycle Shift-Dir - straight line, f/p - iguana
Aim: an iguana (severely wounded, 69% to hit)
You shoot a bolt. The bolt closely misses the iguana.
The iguana bites you!
You die...

Skill      XL: |  1  2 |
---------------+-------+-----
Fighting       | 2 |  2.2
Stealth        | 2 |  2.2
Crossbows      | |  4.7
Dodging        | |  2.7

Action                   || total
-------------------------++-------
 Fire: Hand crossbow     ||    80
Armor: Leather armour    ||     6
Dodge: Dodged            ||    27

Levels and vault maps discovered:
D:1:      wheals_arrival_linesprint, layout_loops_ring, serial_shops,
          nicolae_shop_statue_plus
D:2:      layout_loops_corners
D:3:      layout_loops_cross, minitemple
D:4:      layout_basic, mainiacjoe_overflow_paths, serial_shops, shop

Notes
Turn   | Place    | Note
-------+----------+-------------------------------------------
     0 | D:1      | spaghetti the Deep Dwarf Hunter began the quest for the
                  | Orb.
     0 | D:1      | Reached XP level 1. HP: 19/19 MP: 1/1
     0 | D:1      | magus.rc [v1.9.6]
    41 | D:1      | You fall into a shaft and drop 1 floor!
   202 | D:2      | Reached skill level 2 in Fighting
   202 | D:2      | Reached XP level 2. HP: 26/26 MP: 2/2
   493 | D:2      | Reached skill level 2 in Stealth
   915 | D:3      | Reached XP level 3. HP: 11/32 MP: 3/3
  1074 | D:3      | Found an opulent altar of Gozag.
  1078 | D:3      | Found a sacrificial altar of Ru.
  1084 | D:3      | Became a worshipper of Ru the Awakened
  1616 | D:4      | HP: 5/32 [iguana (6)]
  1617 | D:4      | Slain by an iguana

Vanquished Creatures
  A dart slug (D:2)
  5 orcs (D:3)
  2 ball pythons (D:2)
  5 bats
  An endoplasm (D:2)
  A giant cockroach (D:2)
  3 goblins
  A hobgoblin (D:2)
  2 jackals (D:2)
  3 frilled lizards
  A rat (D:2)
25 creatures vanquished.

Table legend:
 A = Non-vault XP
 B = Vault XP
 C = Vault XP percentage of total XP
 D = Non-vault monster count
 E = Vault monster count
 F = Vault count percentage of total count
                 A         B        C        D         E       F
            +---------+---------+-------+---------+---------+-------
      Total |      52 |       0 |   0.0 |      25 |       0 |   0.0
            +---------+---------+-------+---------+---------+-------
        D:1 |       2 |       0 |   0.0 |       1 |       0 |   0.0
        D:2 |      27 |       0 |   0.0 |      14 |       0 |   0.0
        D:3 |      23 |       0 |   0.0 |      10 |       0 |   0.0
            +---------+---------+-------+---------+---------+-------

Illustrated notes

Table legend:
 A = Kills in this place as a percentage of kills in entire the game.
 B = Kills by you in this place as a percentage of kills by you in the entire game.
 C = Kills by friends in this place as a percentage of kills by friends in the entire game.
 D = Other kills in this place as a percentage of other kills in the entire game.
 E = Experience gained in this place as a percentage of experience gained in the entire game.
 F = Experience gained in this place divided by the number of levels of this place that you have seen.
                   A       B       C       D       E      F
               +-------+-------+-------+-------+-------+----------------------
         Total | 100.0 | 100.0 |   N/A |   N/A | 100.0 |  13.0
       Dungeon | 100.0 | 100.0 |   N/A |   N/A | 100.0 |  13.0
               +-------+-------+-------+-------+-------+----------------------

Table legend: (Time is in decaauts)
 A = Elapsed time spent in this place.
 B = Non-inter-level travel time spent in this place.
 C = Inter-level travel time spent in this place.
 D = Time resting spent in this place.
 E = Time spent auto-exploring this place.
 F = Levels seen in this place.
 G = Mean time per level.
                   A        B        C        D        E       F      G
               +--------+--------+--------+--------+--------+-----+--------+
         Total |   1640 |   1581 |     59 |    109 |   1310 |   4 |  410.0 |
       Dungeon |   1640 |   1581 |     59 |    109 |   1310 |   4 |  410.0 |
               +--------+--------+--------+--------+--------+-----+--------+

Top non-repeatable levels by time:
     D:2: 791 daAuts
     D:3: 784 daAuts
     D:1: 41 daAuts
     D:4: 22 daAuts
